 Dungeon Crawl Stone Soup version 0.30-a0-620-g0e44632947 (webtiles) character file.

Game seed: 16897510411321002298

1950 Conn the Firebug (level 9, -1/52 HPs)
             Began as an Octopode Fire Elementalist on Jan 10, 2023.
             Slain by a wyvern (15 damage)
             ... on level 7 of the Dungeon.
             The game lasted 00:15:14 (7035 turns).

Conn the Firebug (Octopode Fire Elementalist)       Turns: 7035, Time: 00:15:15

Health: -1/52      AC:  1    Str:  7    XL:     9   Next: 18%
Magic:  13/18      EV: 14    Int: 22    God:
Gold:   145        SH:  0    Dex: 18    Spells: 7/20 levels left

rFire   . . .      SeeInvis .    b - +2 demon blade (flame)
rCold   . . .      Faith    .    (no shield)
rNeg    . . .      Spirit   .    (helmet restricted)
rPois   .          Reflect  .    f - amulet of regeneration
rElec   .          Harm     .    s - +6 ring of dexterity
rCorr   .          Rampage  .    (no ring)
Will    .....                    (no ring)
Stlth   ++++                     (no ring)
HPRegen 1.08/turn                (no ring)
MPRegen 0.16/turn                (no ring)
                                 (no ring)
                                 (no ring)

@: no status effects
A: almost no armour, amphibious, 8 rings, camouflage 1, gelatinous body 1,
(nimble swimmer 1), tentacles
a: no special abilities


You were on level 7 of the Dungeon.
You visited 2 branches of the dungeon, and saw 8 of its levels.

You collected 301 gold pieces.
You spent 156 gold pieces at shops.

Inventory:

Hand Weapons
 b - a +2 demon blade of flaming (weapon)
 d - a +0 dagger
 m - a +1 whip of freezing
 p - a +0 short sword of protection
Jewellery
 f - an amulet of regeneration (around mantle)
 s - a +6 ring of dexterity (left tentacle)
Wands
 v - a wand of charming (8)
Scrolls
 g - 2 scrolls of fear
 h - a scroll of poison
 j - 4 scrolls of teleportation
 n - 2 scrolls of immolation
 o - 2 scrolls of amnesia
 q - 2 scrolls of magic mapping {unknown}
 t - a scroll of fog
Potions
 a - 2 potions of magic
 c - 2 potions of attraction {unknown}
 e - 2 potions of cancellation
 i - a potion of heal wounds
 k - 2 potions of might
 l - 2 potions of degeneration {unknown}


   Skills:
 + Level 0.3 Fighting
 + Level 0.1(0.3) Short Blades
 + Level 0.4(0.5) Long Blades
 + Level 2.6 Dodging
 + Level 5.8 Stealth
 + Level 6.3 Spellcasting
 + Level 4.9 Conjurations
 + Level 1.1 Hexes
 + Level 7.5 Fire Magic


You had 7 spell levels left.
You knew the following spells:

 Your Spells              Type           Power      Damage    Failure   Level
a - Foxfire               Conj/Fire      100%       2x1d9     1%          1
b - Kindle Blastsparks    Fire/Tloc/Air  36%        2d13      10%         3
c - Inner Flame           Hex/Fire       26%        N/A       4%          3
d - Flame Wave            Conj/Fire      34%        2d10      7%          4
e - Scorch                Fire           80%        2d9       1%          2

Your spell library contained the following spells:

 Spells                   Type           Power      Damage    Failure   Level
 Cigotuvi's Dreadful Rot  Necr/Pois/Air  14%        N/A       13%         2
 Dispel Undead            Necr           7%         3d8       65%         4
 Summon Lightning Spire   Summ/Air       7%         N/A       65%         4
 Death Channel            Necr           3%         N/A       100%        6
 Storm Form               Tmut/Air       3%         N/A       100%        7
 Maxwell's Capacitive Co  Air            3%         ∞         100%        8


Dungeon Overview and Level Annotations

Branches:
Dungeon (7/15)             Temple (1/1) D:4

Altars:
Ashenzari
Cheibriados
Dithmenos
Fedhas
Gozag
Hepliaklqana
Okawaru
Qazlal
Wu Jian
The Shining One

Shops:
D:3 =?([[   D:5 ?


Innate Abilities, Weirdness & Mutations

You cannot wear most types of armour.
You are amphibious.
You can wear up to eight rings at the same time.
Your skin changes colour to match your surroundings (Stealth+).
Your rubbery body absorbs attacks. (AC +1, EV +1)
((You are camouflaged when in or above water. (Stealth+)))
You have tentacles for arms and can constrict up to eight enemies at once.


Message History

Found a stone staircase leading down.
There is a stone staircase leading down here.
Done exploring.
Done exploring.
(D) Dungeon (T) Temple
Where to? (Enter - D:6, ? - help)
Things that are here:
a +0 dagger; a +0 robe
Items here: )) [[.
There is a stone staircase leading down here.
You climb downwards.
Found 5 stones.
There is a stone staircase leading up here.
A wyvern is nearby!
The helpless wyvern fails to defend itself.
You slash the wyvern! You burn the wyvern.
The wyvern is heavily wounded.
The wyvern bites you!
You barely miss the wyvern. Your squeeze misses the wyvern.
The wyvern is heavily wounded.
The wyvern bites you! The wyvern closely misses you.
You barely miss the wyvern. You tentacle-slap the wyvern.
Your squeeze misses the wyvern.
The wyvern is heavily wounded.
The wyvern barely misses you. The wyvern bites you.
Casting: Foxfire (safe; 1% risk of failure)
Confirm with . or Enter, or press ? or * to list all spells.
Casting: Flame Wave (dangerous; 7% risk of failure)
Press: ? - help, Dir - look around, f - activate A wave of flame ripples out!
The flame wave engulfs the wyvern!
The wyvern is almost dead. (Press . to intensify the flame waves.)
The wyvern completely misses you. The wyvern bites you!!
* * * LOW HITPOINT WARNING * * *
Unknown command.
A wave of flame ripples out!
The flame wave engulfs the wyvern but does no damage.
The wyvern is almost dead.
The wyvern bites you!
You die...

#### ###
###...#
.........###
#.#.......#
#.###..l......#
#.(....@......#
#########...###
..# ##


You could see a wyvern.

Vanquished Creatures
  A black bear (D:5)
  2 ice beasts
  2 ogres
  A centaur (D:6)
  3 phantoms
  A kobold brigand (D:6)
  A scorpion (D:6)
  3 wights (D:6)
  6 killer bees (D:6)
  A hound (D:5)
  A jelly (D:5)
  4 orc priests
  Crazy Yiuf (D:3)
  3 iguanas
  Jessica (D:2)
  3 orc wizards
  Robin (D:2)
  10 adders
  3 gnolls (D:5)
  A shadow imp (D:6)
  A worm (D:2)
  2 dart slugs
  19 orcs
  7 endoplasms
  2 giant cockroaches
  16 goblins
  6 hobgoblins
  3 jackals (D:2)
  12 kobolds
  3 quokkas
  9 ball pythons
  7 bats
  6 frilled lizards
  4 rats
146 creatures vanquished.

Vanquished Creatures (others)
  483 foxfires
483 creatures vanquished.

Grand Total: 629 creatures vanquished

Notes
Turn   | Place    | Note
-------+----------+-------------------------------------------
     0 | D:1      | Conn the Octopode Fire Elementalist began the quest for the
                  | Orb.
     0 | D:1      | Reached XP level 1. HP: 11/11 MP: 3/3
   187 | D:1      | Reached XP level 2. HP: 17/17 MP: 1/5
  1203 | D:2      | Reached XP level 3. HP: 21/21 MP: 2/6
  1383 | D:2      | Noticed Jessica
  1391 | D:2      | Killed Jessica
  1392 | D:2      | Reached skill level 4 in Fire Magic
  1547 | D:2      | Reached XP level 4. HP: 27/27 MP: 3/7
  1783 | D:2      | Noticed Robin
  1794 | D:2      | Killed Robin
  2574 | D:3      | Found Cien's Antique Armour Shoppe.
  2626 | D:3      | Found Fufocita's Weapon Boutique.
  2636 | D:3      | Bought a +0 short sword of protection for 72 gold pieces
  2668 | D:3      | Found Cuewnemi's Magic Scroll Shoppe.
  2842 | D:3      | Reached XP level 5. HP: 31/31 MP: 4/9
  2921 | D:3      | Found Wigeuqap's Jewellery Emporium.
  3191 | D:3      | Found a runed translucent door.
  3192 | D:3      | Noticed Crazy Yiuf
  3198 | D:3      | Learned a level 2 spell: Scorch
  3419 | D:3      | Found Huw Xefi's Antique Armour Boutique.
  3510 | D:3      | Killed Crazy Yiuf
  3918 | D:4      | Found a staircase to the Ecumenical Temple.
  3940 | Temple   | Entered the Ecumenical Temple
  4194 | D:4      | Reached XP level 6. HP: 36/36 MP: 5/10
  4545 | D:4      | Reached skill level 5 in Stealth
  4548 | D:4      | Reached skill level 5 in Fire Magic
  4997 | D:5      | Entered Level 5 of the Dungeon
  5001 | D:5      | Reached XP level 7. HP: 41/41 MP: 7/12
  5246 | D:5      | Learned a level 3 spell: Kindle Blastsparks
  5250 | D:5      | Learned a level 3 spell: Inner Flame
  5255 | D:5      | Learned a level 4 spell: Flame Wave
  5331 | D:5      | Found Qedakhlo's Magic Scroll Emporium.
  5356 | D:5      | Bought a scroll of fear for 48 gold pieces
  5356 | D:5      | Bought a scroll of teleportation for 36 gold pieces
  5497 | D:5      | Reached XP level 8. HP: 46/46 MP: 2/15
  5894 | D:6      | Reached skill level 1 in Hexes
  6037 | D:6      | Reached skill level 6 in Fire Magic
  6045 | D:6      | Reached skill level 5 in Spellcasting
  6510 | D:6      | Reached skill level 7 in Fire Magic
  6512 | D:6      | Reached XP level 9. HP: 28/51 MP: 12/17
  7035 | D:7      | Slain by a wyvern

Illustrated notes

Levels and vault maps discovered:
D:1:      sevenhm_arrival_forest_fort_large_2, layout_basic,
          minmay_misc_feat_columns
D:2:      layout_loops_ring, supply_closet_lemuel, uniq_robin, uniq_jessica
D:3:      layout_loops_corners, serial_shops, nicolae_shop_hallway_plus,
          nicolae_shop_statue_plus, nicolae_shop_behind_doors,
          nicolae_shop_crystal, nicolae_square_shop, uniq_crazy_yiuf_cottage
D:4:      minmay_octagon_keep, layout_gridville, minmay_temple_entry_overgrown
D:5:      layout_rooms, serial_shops, shop
D:6:      layout_cave_pools, nicolae_figureground_pulse
D:7:      layout_loops_corners, nicolae_overflow_hidden_temple,
          mainiacjoe_overflow_alcove_1, minivault_22
Temple:   hellmonk_temple_beads

Skill      XL: |  1  2  3  4  5  6  7  8  9 |
---------------+----------------------------+-----
Stealth        | 3 4 5 |  5.8
Fire Magic     | 4 5 7 |  7.5
Spellcasting   | 3 4 5 6 |  6.3
Conjurations   | 2 3 4 |  4.9
Hexes          | 1 |  1.1
Fighting       | |  0.3
Short Blades   | |  0.1
Long Blades    | |  0.4
Dodging        | |  2.6

Action                   |  1- 3 |  4- 6 |  7- 9 || total
-------------------------+-------+-------+-------++-------
Melee: Unarmed           |     5 |       |       ||     5
       Tentacles         |     3 |    10 |     1 ||    14
       Constrict         |     2 |    11 |     1 ||    14
       Whip              |       |     8 |       ||     8
       Dagger            |       |     4 |       ||     4
       Short sword       |       |    24 |       ||    24
       Punch             |       |     2 |     1 ||     3
       Demon blade       |       |     1 |     6 ||     7
 Cast: Foxfire           |    55 |   106 |   119 ||   280
       Scorch            |       |     3 |    10 ||    13
       Inner Flame       |       |       |     3 ||     3
       Flame Wave        |       |       |     3 ||     3
  Use: Scroll            |     3 |     4 |     4 ||    11
       Potion            |       |       |     2 ||     2
 Stab: Sleeping          |     1 |     9 |     2 ||    12
Armor: Skin              |     1 |     2 |     1 ||     4
Dodge: Dodged            |     5 |    27 |    22 ||    54

Table legend: (Time is in decaauts)
 A = Elapsed time spent in this place.
 B = Non-inter-level travel time spent in this place.
 C = Inter-level travel time spent in this place.
 D = Time resting spent in this place.
 E = Time spent auto-exploring this place.
 F = Levels seen in this place.
 G = Mean time per level.
                   A        B        C        D        E       F      G
               +--------+--------+--------+--------+--------+-----+--------+
         Total |   7033 |   6805 |    228 |    303 |   4989 |   8 |  879.1 |
       Dungeon |   6850 |   6694 |    156 |    303 |   4890 |   7 |  978.6 |
        Temple |    183 |    111 |     72 |      0 |     99 |   1 |  183.0 |
               +--------+--------+--------+--------+--------+-----+--------+

Top non-repeatable levels by time:
     D:3: 1309 daAuts
     D:4: 1238 daAuts
     D:1: 1168 daAuts
     D:6: 1165 daAuts
     D:2: 1096 daAuts
     D:5: 867 daAuts
  Temple: 183 daAuts
     D:7: 5 daAuts
